 Dungeon Crawl Stone Soup version 0.30-a0-860-g512cf1e979 (webtiles) character file.

Game seed: 8216290239598586985

282 Ge0ff the Cutter (level 6, -1/56 HPs)
             Began as a Naga Fighter on Mar 8, 2023.
             Slain by a gnoll
             ... wielding a +0 halberd
              (6 damage)
             ... on level 2 of the Dungeon.
             The game lasted 00:06:49 (1654 turns).

Ge0ff the Cutter (Naga Fighter)                     Turns: 1654, Time: 00:06:50

Health: -1/56      AC:  6    Str: 19    XL:     6   Next: 28%
Magic:  6/6        EV:  7    Int:  8    God:
Gold:   71         SH:  4    Dex: 12    Spells: 5/5 levels left

rFire   . . .      SeeInvis +    a - +0 rapier
rCold   . . .      Faith    .    c - +0 buckler
rNeg    . . .      Spirit   .    b - +0 scale mail
rPois   +          Reflect  .    (no helmet)
rElec   .          Rampage  .    (no cloak)
rCorr   .                        X - +0 pair of gloves
Will    .....                    (no barding) Stlth
                                 (no amulet)
HPRegen 0.29/turn                (no ring)
MPRegen 0.10/turn                (no ring)

@: brilliant, very slow
A: AC +2, large, see invisible, deformed body, poison resistance, slowness 2,
spit poison 1, naga tail 1
a: Spit Poison


You were on level 2 of the Dungeon.
You visited 1 branch of the dungeon, and saw 3 of its levels.

You collected 109 gold pieces.
You spent 38 gold pieces at shops.

Inventory:

Hand Weapons
 a - a +0 rapier (weapon)
Armour
 b - a +0 scale mail (worn)
 c - a +0 buckler (worn)
 X - a +0 pair of gloves (worn)
Jewellery
 N - a ring of ice
Scrolls
 P - a scroll of fog {unknown}
 Q - a scroll of enchant armour
 R - a scroll of vulnerability {unknown}
 S - a scroll of blinking {unknown}
 T - 2 scrolls of teleportation
 V - a scroll of butterflies {unknown}
 W - 2 scrolls of enchant weapon {unknown}
Potions
 o - a potion of ambrosia
 q - 2 potions of curing
 U - 2 potions of invisibility {unknown}
 Y - a potion of lignification {unknown}
 Z - a potion of attraction {unknown}


   Skills:
 - Level 3.0 Fighting
 * Level 5.9 Short Blades
 - Level 2.4 Armour
 - Level 1.0 Dodging
 - Level 2.0 Stealth
 - Level 3.0 Shields


You had 5 spell levels left.
You didn't know any spells.
Your spell library contained the following spells:

 Spells                   Type           Power      Damage    Failure   Level
 Slow                     Hex            0%         N/A       86%         1
 Confusing Touch          Hex            0%         N/A       99%         3
 Hailstorm                Conj/Ice       0%         3d3       99%         3
 Vampiric Draining        Necr           0%         2d6       99%         3
 Ice Form                 Ice/Tmut       0%         N/A       100%        4
 Simulacrum               Ice/Necr       0%         N/A       100%        6


Dungeon Overview and Level Annotations

Branches:
Dungeon (3/15) Zot: 15865

Altars:
Nemelex Xobeh
Trog

Shops:
D:1 (   D:2 *


Innate Abilities, Weirdness & Mutations

Your serpentine skin is tough. (AC +2)
You have supernaturally acute eyesight. (SInv)
Armour fits poorly on your strangely shaped body.
Your system is resistant to poisons. (rPois)
You cover ground very slowly.
You can spit poison.
You have a snake-like lower body.


Message History

Your surroundings suddenly seem different. 2 gnolls come into view.
Found a stone staircase leading up.
The gnoll shouts!
A gnoll comes into view. It is wielding a +0 halberd.
The gnoll shouts!
The gnoll hits you from afar with a +0 spear.
There is a stone staircase leading up here.
The splash of poison hits the gnoll!
The gnoll is poisoned.
The gnoll is severely wounded.
The gnoll hits you but does no damage.
You kill the gnoll!
The gnoll hits you but does no damage. The gnoll hits you with a +0 halberd.
There is a stone staircase leading up here.
The gnoll hits you with a +0 halberd. The gnoll hits you with a +0 halberd!
You climb upwards.
You have got your breath back.
There is a stone staircase leading down here.
You hit the gnoll.
The gnoll is moderately wounded.
The gnoll hits you with a +0 halberd. The gnoll hits you with a +0 halberd!
Use which ability? (? or * to list)
Aiming: Spit Poison (1% risk of failure)
Press: ? - help, Shift-Dir - straight line, f - gnoll
Aim: a gnoll, wielding a +0 halberd (65% to hit)
The splash of poison hits the gnoll!
The gnoll is severely wounded.
The gnoll completely misses you. The gnoll barely misses you.
You hit the gnoll.
The gnoll is severely wounded.
The gnoll barely misses you. The gnoll hits you with a +0 halberd!
You are confused.
You feel invigorated. The gnoll hits you with a +0 halberd!
* * * LOW HITPOINT WARNING * * *
The gnoll hits you with a +0 halberd!
* * * LOW HITPOINT WARNING * * *
You feel better.
You feel less invigorated. The gnoll hits you but does no damage.
The gnoll hits you with a +0 halberd!
* * * LOW HITPOINT WARNING * * *
You feel better. You block the gnoll's attack. The gnoll barely misses you.
It was a potion of brilliance.
You feel clever all of a sudden.
You have got your breath back.
The gnoll hits you with a +0 halberd!
* * * LOW HITPOINT WARNING * * *
The gnoll hits you but does no damage.
You barely miss the gnoll.
The gnoll is severely wounded.
The gnoll barely misses you. The gnoll hits you with a +0 halberd.
You die...

........##.###.#####.#######.#.#
.#####.#.#.##..........).....#.#
#####.###..##..#######.#######.#
.....## ##.##..### #..## #.#
#####.###.##.....# ##.#.## #.# #
##.#.###.###.####.###.####.##
##.## #.# #.....## ##....... #.#
#.###g####.###.####### # #.#
#...g@# ##.#.## # ## #.# #######
#..## # .# #.##############..# #
.# #.................# # .##
#################.# #### ..#
###.# #... ..# #<..# ##.## ..#
#.### ##†..# ..# #.# ##.###.


You could see 2 gnolls.

Vanquished Creatures
  Sigmund (D:2)
  Jessica (D:3)
  A gnoll (D:3)
  4 adders (D:2)
  5 orcs
  6 endoplasms
  3 giant cockroaches
  A goblin (D:1)
  4 hobgoblins
  4 jackals (D:2)
  3 quokkas (D:1)
  6 ball pythons
  A bat (D:1)
  2 frilled lizards (D:1)
  3 kobolds
  3 rats
48 creatures vanquished.

Notes
Turn   | Place    | Note
-------+----------+-------------------------------------------
     0 | D:1      | Ge0ff the Naga Fighter began the quest for the Orb.
     0 | D:1      | Reached XP level 1. HP: 21/21 MP: 1/1
    28 | D:1      | Reached skill level 1 in Stealth
   124 | D:1      | Reached XP level 2. HP: 28/28 MP: 2/2
   159 | D:1      | Found Qucuxemi's Antique Weapon Boutique.
   236 | D:1      | Reached skill level 1 in Dodging
   376 | D:1      | Reached XP level 3. HP: 31/34 MP: 3/3
   390 | D:1      | Found a faded altar of an unknown god.
   662 | D:2      | Found Xiacoem's Assorted Antiques.
   668 | D:2      | Reached skill level 3 in Short Blades
   679 | D:2      | Bought a golden potion for 19 gold pieces
   679 | D:2      | Bought a lumpy red potion for 19 gold pieces
   883 | D:2      | Reached XP level 4. HP: 38/42 MP: 4/4
  1144 | D:2      | Noticed Sigmund
  1151 | D:2      | Killed Sigmund
  1152 | D:2      | Reached skill level 5 in Short Blades
  1152 | D:2      | Reached XP level 5. HP: 46/49 MP: 5/5
  1152 | D:2      | Reached XP level 6. HP: 53/56 MP: 6/6
  1393 | D:3      | Found a sparkling altar of Nemelex Xobeh.
  1393 | D:3      | Found a bloodstained altar of Trog.
  1418 | D:3      | Noticed Jessica
  1428 | D:3      | Killed Jessica
  1654 | D:2      | Slain by a gnoll

Illustrated notes

Levels and vault maps discovered:
D:1:      wander_arrival_lonely_grave, layout_rooms, serial_shops, shop,
          hellmonk_ecumenical_altar_leap_of_faith
D:2:      layout_loops_ring, serial_shops, shop, uniq_sigmund
D:3:      gammafunk_steamed_eel, layout_basic, nicolae_uskayaw_suspiria,
          mainiacjoe_overflow_catwalk_spiral, uniq_jessica

Skill      XL: |  1  2  3  4 |
---------------+-------------+-----
Stealth        | 2 |  2.0
Dodging        | 1 |  1.0
Short Blades   | 3 5 |  5.9
Shields        | 3 |  3.0
Fighting       | |  3.0
Armour         | |  2.4

Action                     |  1- 3 |  4- 6 || total
---------------------------+-------+-------++-------
  Melee: Rapier            |    80 |    30 ||   110
Ability: Spit Poison       |    39 |    11 ||    50
    Use: Scroll            |     3 |     1 ||     4
         Potion            |       |     5 ||     5
 Armour: Scale mail        |    38 |    13 ||    51
  Dodge: Dodged            |    30 |     9 ||    39
  Block: Buckler           |    16 |    10 ||    26

Table legend: (Time is in decaauts)
 A = Elapsed time spent in this place.
 B = Non-inter-level travel time spent in this place.
 C = Inter-level travel time spent in this place.
 D = Time resting spent in this place.
 E = Time spent auto-exploring this place.
 F = Levels seen in this place.
 G = Mean time per level.
                   A        B        C        D        E       F      G
               +--------+--------+--------+--------+--------+-----+--------+
         Total |   2133 |   2096 |     37 |     14 |   1619 |   3 |  711.0 |
       Dungeon |   2133 |   2096 |     37 |     14 |   1619 |   3 |  711.0 |
               +--------+--------+--------+--------+--------+-----+--------+

Top non-repeatable levels by time:
     D:2: 1131 daAuts
     D:1: 673 daAuts
     D:3: 328 daAuts
